Map: 뉴커크 재개발 지구 - 토너먼트 (공허의 유산)

Players

Stats - Winner!

  • Race: Protoss Protoss
  • Spawn Location: 5:00

Dana

  • Race: Zerg Zerg
  • Spawn Location: 7:00

Event: IEM XI Katowice - World Championship 2017

VOD

Have the link to the VOD?

Description

Time

  • Played on: Feb. 27, 2017, 5:05 a.m.
  • Length: 7:03

All games in this series

Show
View Real Time Build Order
Export as new Build Order

Stats Protoss - Winner!

Build Orders: 1 Gate Expand, Zealot Archon, Dark Templar Rush 

Get SALT Encoding   

  12  0:00  Probe (Chrono Boost)  
  13  0:11  Probe (Chrono Boost)  
  14  0:18  Pylon  
  14  0:22  Probe (Chrono Boost)  
  15  0:36  Probe (Chrono Boost)  
  15  0:39  Gateway  
  16  0:47  Probe (Chrono Boost)  
  16  0:48  Assimilator  
  17  0:57  Probe (Chrono Boost)  
  18  1:08  Probe (Chrono Boost)  
  20  1:18  Probe (Chrono Boost)  
  20  1:26  Nexus  
  20  1:35  Cybernetics Core  
  20  1:38  Probe (Chrono Boost)  
  21  1:46  Assimilator  
  21  1:49  Probe (Chrono Boost)  
  21  1:53  Pylon  
  22  1:59  Probe (Chrono Boost)  
  23  2:08  Adept  
  23  2:11  Warp Gate  
  23  2:13  Probe (Chrono Boost)  
  26  2:25  Probe (Chrono Boost)  
  27  2:32  Twilight Council, Stalker  
  30  2:37  Probe (Chrono Boost)  
  30  2:38  Probe (Chrono Boost)  
  31  2:49  Probe x2 (Chrono Boost)  
  33  3:01  Probe x2 (Chrono Boost)  
  33  3:02  Robotics Facility  
  35  3:11  Probe (Chrono Boost)  
  35  3:12  Probe (Chrono Boost)  
  37  3:21  Dark Shrine  
  37  3:22  Probe x2 (Chrono Boost)  
  37  3:26  Gateway  
  39  3:32  Probe (Chrono Boost)  
  39  3:33  Pylon, Probe (Chrono Boost)  
  41  3:43  Probe x2 (Chrono Boost)  
  41  3:44  Pylon  
  41  3:45  Warp Prism  
  43  3:54  Assimilator  
  45  3:56  Assimilator  
  45  3:58  Probe (Chrono Boost)  
  45  4:00  Probe (Chrono Boost)  
  47  4:06  Gateway  
  47  4:08  Gateway  
  47  4:12  Probe (Chrono Boost)  
  47  4:13  Probe (Chrono Boost)  
  49  4:19  Pylon  
  49  4:22  Probe (Chrono Boost)  
  49  4:23  Observer  
  51  4:25  Probe (Chrono Boost)  
  52  4:33  Dark Templar x2  
  52  4:36  Mothership Core (Chrono Boost)  
  52  4:37  Pylon  
  52  4:38  Probe (Chrono Boost)  
  59  4:41  Immortal  
  63  4:54  Pylon  
  63  5:02  Sentry  
  63  5:04  Sentry  
  67  5:12  Pylon x2  
  67  5:15  Immortal  
  67  5:17  Gateway  
  67  5:19  Gateway  
  71  5:33  Gateway  
  71  5:35  Gateway  
  71  5:37  Sentry x2  
  71  5:38  Sentry, Stalker  
  79  6:03  Zealot, Sentry x2  
  79  6:04  Stalker  
  87  6:08  Pylon  
  87  6:10  Pylon  
  83  6:23  Archon  
  83  6:25  Dark Templar x2  
  84  6:27  Zealot x4  
  84  6:29  Archon  
  84  6:32  Stalker  
  94  6:35  Stalker  
  90  6:48  Stalker x3  
  90  6:59  Stalker x2  
  90  7:00  Zealot x3  
Show
View Real Time Build Order
Export as new Build Order

Dana Zerg 

Build Orders: Hatch First 

Get SALT Encoding   

  12  0:00  Drone  
  13  0:13  Overlord  
  13  0:18  Drone  
  14  0:31  Drone  
  14  0:32  Drone  
  16  0:36  Drone  
  17  0:54  Hatchery  
  17  0:56  Drone  
  17  0:59  Drone  
  18  1:10  Extractor  
  17  1:15  Spawning Pool  
  17  1:17  Drone  
  17  1:20  Drone  
  18  1:28  Drone  
  19  1:47  Hatchery  
  19  1:48  Drone  
  19  1:52  Drone  
  20  2:01  Queen  
  20  2:06  Drone  
  23  2:09  Zergling x2  
  23  2:12  Drone  
  25  2:18  Overlord  
  25  2:23  Drone  
  25  2:27  Metabolic Boost  
  26  2:30  Drone  
  26  2:33  Drone  
  28  2:42  Queen  
  30  2:45  Drone  
  30  2:47  Drone  
  30  2:49  Zergling x2  
  33  2:56  Drone  
  33  2:59  Drone  
  33  3:00  Drone  
  33  3:05  Drone  
  36  3:06  Queen  
  38  3:14  Zergling x2  
  38  3:15  Overlord  
  38  3:16  Drone  
  38  3:19  Drone x2  
  41  3:21  Drone  
  41  3:25  Overlord  
  41  3:27  Overlord  
  41  3:35  Drone x2  
  41  3:38  Roach Warren  
  41  3:40  Drone  
  43  3:43  Spore Crawler  
  43  3:45  Spore Crawler  
  43  3:46  Drone  
  42  3:49  Drone  
  42  3:50  Drone  
  42  3:52  Drone  
  42  3:54  Drone  
  46  3:57  Drone  
  49  4:03  Lair, Overlord  
  49  4:04  Drone  
  49  4:05  Extractor  
  49  4:06  Drone x2  
  49  4:09  Drone  
  52  4:12  Drone x2  
  52  4:15  Overlord  
  54  4:20  Evolution Chamber  
  54  4:21  Overlord  
  53  4:31  Roach x4  
  59  4:34  Zergling x6  
  59  4:35  Zergling x2  
  59  4:38  Zergling x4  
  67  4:41  Overlord  
  67  4:42  Roach  
  67  4:44  Roach  
  71  4:48  Roach  
  71  4:49  Roach  
  75  4:54  Zergling x6  
  77  5:00  Overseer  
  77  5:02  Overseer  
  77  5:06  Overseer  
  74  5:08  Drone  
  74  5:09  Drone x6  
  74  5:11  Drone  
  74  5:13  Overlord  
  82  5:18  Drone  
  82  5:19  Drone x2  
  85  5:22  Drone  
  85  5:25  Extractor  
  85  5:29  Overlord  
  85  5:30  Drone  
  85  5:33  Queen  
  86  5:42  Overlord  
  84  5:45  Drone  
  83  5:52  Overlord  
  83  5:53  Zergling x2  
  83  5:54  Zergling x14  
  83  5:55  Zergling x2  
  92  6:04  Overseer, Overlord  
  92  6:06  Roach  
  92  6:07  Roach  
  96  6:15  Zergling x6  
  98  6:22  Zergling x2, Roach x2  
  102  6:26  Roach x2  
  102  6:27  Roach  
  102  6:29  Overlord x2  
  102  6:30  Roach  
  110  6:38  Zergling x2, Roach  
  110  6:39  Roach  
  106  6:42  Zergling x4  

Tags
 
Add a new tag
Caveats
  • Supply blocks, unpowered buildings, or Contaminate may cause inaccurate times.
  • Supply counts are checked every 10 seconds.